TOP OF THE 1ST |
San Diego Smashers batting - Pitching for Red Deer Wranglers : LHP Takayuki Ine
|
Pitching: LHP Takayuki Ine
|
|
Batting: LHB Alfredo Fernández
|
0-0: Foul Ball, location: 2F 0-1: Foul Ball, location: 2F 0-2: Ball 1-2: Strikes out swinging
|
Batting: RHB Cisco Gatán
|
0-0: Ball 1-0: Ball 2-0: Fly out, F8 (Flyball, 8LS)
|
Batting: RHB Luis Peña
|
0-0: Ball 1-0: Swinging Strike 1-1: Foul Ball, location: 2F 1-2: Strikes out swinging
|
Top of the 1st over - 0 run(s), 0 hit(s), 0 error(s), 0 left on base; San Diego 0 - Red Deer 0 |
BOTTOM OF THE 1ST |
Red Deer Wranglers batting - Pitching for San Diego Smashers : RHP Rafael Blanco
|
Pitching: RHP Rafael Blanco
|
|
Batting: LHB Enrico Vargas
|
0-0: Called Strike 0-1: Ball 1-1: Swinging Strike 1-2: Ball 2-2: Strikes out looking
|
Batting: RHB Todd Bryant
|
0-0: Called Strike 0-1: Foul Ball, location: 2F 0-2: Ball 1-2: Strikes out looking
|
Batting: RHB Oliver Harris
|
0-0: Ground out 6-3 (Groundball, 6)
|
Bottom of the 1st over - 0 run(s), 0 hit(s), 0 error(s), 0 left on base; San Diego 0 - Red Deer 0 |
TOP OF THE 2ND |
San Diego Smashers batting - Pitching for Red Deer Wranglers : LHP Takayuki Ine
|
Batting: LHB Bob Cunningham
|
0-0: Ground out 4-3 (Groundball, 4)
|
Batting: RHB Francisco Castillo
|
0-0: Called Strike 0-1: Foul Ball, location: 2F 0-2: Foul Ball, location: 2F 0-2: Foul Ball, location: 2F 0-2: DOUBLE (Line Drive, 9LS)
|
Batting: RHB Miguel Moreno
|
0-0: Ball 1-0: Ball 2-0: Ball 3-0: Base on Balls
|
Batting: LHB Raynard Brenner
|
0-0: Called Strike 0-1: Swinging Strike 0-2: Ball 1-2: Ball 2-2: Ball 3-2: Base on Balls Francisco Castillo to third Miguel Moreno to second
|
Batting: LHB Mario Olivares
|
0-0: SINGLE (Groundball, 34D) Francisco Castillo scores Miguel Moreno to third Raynard Brenner to second Runner from 3rd tries for Home, SAFE, no throw or cutoff
|
Batting: RHB Justin Burgess
|
0-0: Ball 1-0: Ball 2-0: Called Strike 2-1: Called Strike 2-2: Ball 3-2: Base on Balls Raynard Brenner to third Mario Olivares to second
|
Batting: LHB Alfredo Fernández
|
0-0: Ball 1-0: Ball 2-0: Called Strike 2-1: Foul Ball, location: 2F 2-2: Foul Ball, location: 2F 2-2: Ball 3-2: Base on Balls Raynard Brenner scores Mario Olivares to third Justin Burgess to second
|
Batting: RHB Cisco Gatán
|
0-0: Ball 1-0: Swinging Strike 1-1: Reached on Error, E8 (Flyball, 8LM) Mario Olivares scores Justin Burgess to third Alfredo Fernández to second
|
Batting: RHB Luis Peña
|
0-0: Fly out, F9 (Line Drive, 9D) Runner from 3rd tags up, SCORES, no throw Alfredo Fernández to third
|
Batting: LHB Bob Cunningham
|
0-0: Ball 1-0: Swinging Strike 1-1: Foul Ball, location: 2F 1-2: Strikes out swinging
|
Top of the 2nd over - 5 run(s), 2 hit(s), 1 error(s), 2 left on base; San Diego 5 - Red Deer 0 |
BOTTOM OF THE 2ND |
Red Deer Wranglers batting - Pitching for San Diego Smashers : RHP Rafael Blanco
|
Batting: SHB José López
|
0-0: Foul Ball, location: 2F 0-1: Ball 1-1: Ball 2-1: Called Strike 2-2: Strikes out looking
|
Batting: LHB Del Kennedy
|
0-0: Ball 1-0: Foul Ball, location: 2F 1-1: Foul Ball, location: 2F 1-2: Ball 2-2: Ball 3-2: Foul Ball, location: 2F 3-2: Base on Balls
|
Batting: RHB Carlos Peña
|
0-0: Called Strike 0-1: Called Strike 0-2: Ball 1-2: Fly out, F8 (Flyball, 8LM)
|
Batting: LHB Jorge Olvera
|
0-0: Ball 1-0: Called Strike 1-1: Ball 2-1: Foul Ball, location: 2F 2-2: Strikes out swinging
|
Bottom of the 2nd over - 0 run(s), 0 hit(s), 0 error(s), 1 left on base; San Diego 5 - Red Deer 0 |
TOP OF THE 3RD |
San Diego Smashers batting - Pitching for Red Deer Wranglers : LHP Takayuki Ine
|
Batting: RHB Francisco Castillo
|
0-0: Ground out 5-3 (Groundball, 56)
|
Batting: RHB Miguel Moreno
|
0-0: Ball 1-0: Foul Ball, location: 2F 1-1: Swinging Strike 1-2: Ball 2-2: SINGLE (Flyball, 8RS)
|
Batting: LHB Raynard Brenner
|
0-0: Foul Ball, location: 2F 0-1: Fly out, F9 (Flyball, 89D)
|
Batting: LHB Mario Olivares
|
0-0: Ball 1-0: Called Strike 1-1: Ball 2-1: Swinging Strike 2-2: Strikes out swinging
|
Top of the 3rd over - 0 run(s), 1 hit(s), 0 error(s), 1 left on base; San Diego 5 - Red Deer 0 |
BOTTOM OF THE 3RD |
Red Deer Wranglers batting - Pitching for San Diego Smashers : RHP Rafael Blanco
|
Batting: LHB Ron Mayes
|
0-0: Called Strike 0-1: Ball 1-1: Ground out 4-3 (Groundball, 4)
|
Batting: RHB John McDonald
|
0-0: Ball 1-0: Ball 2-0: Foul Ball, location: 2F 2-1: Ball 3-1: Swinging Strike 3-2: Strikes out swinging
|
Batting: LHB Enrico Vargas
|
0-0: Called Strike 0-1: Ball 1-1: Fly out, F9 (Line Drive, 89M)
|
Bottom of the 3rd over - 0 run(s), 0 hit(s), 0 error(s), 0 left on base; San Diego 5 - Red Deer 0 |
TOP OF THE 4TH |
San Diego Smashers batting - Pitching for Red Deer Wranglers : LHP Takayuki Ine
|
Batting: RHB Justin Burgess
|
0-0: SINGLE (Groundball, 5D)
|
Batting: LHB Alfredo Fernández
|
0-0: Fly out, F8 (Flyball, 8LD)
|
Batting: RHB Cisco Gatán
|
0-0: Ball 1-0: Ball 2-0: Ball 3-0: Base on Balls Justin Burgess to second
|
Batting: RHB Luis Peña
|
0-0: Ball 1-0: Ball 2-0: Called Strike 2-1: Fly out, F8 (Flyball, 8LM)
|
Batting: LHB Bob Cunningham
|
0-0: Called Strike 0-1: SINGLE (Groundball, 3D) Justin Burgess to third Cisco Gatán to second Runner from 3rd tries for Home, SAFE, no throw or cutoff
|
Batting: RHB Francisco Castillo
|
0-0: Called Strike 0-1: Ball 1-1: Called Strike 1-2: Strikes out looking
|
Top of the 4th over - 1 run(s), 2 hit(s), 0 error(s), 2 left on base; San Diego 6 - Red Deer 0 |
BOTTOM OF THE 4TH |
Red Deer Wranglers batting - Pitching for San Diego Smashers : RHP Rafael Blanco
|
Batting: RHB Todd Bryant
|
0-0: Ball 1-0: Fly out, F6 (Line Drive, 6)
|
Batting: RHB Oliver Harris
|
0-0: Called Strike 0-1: Swinging Strike 0-2: DOUBLE (Line Drive, 7LM)
|
Batting: SHB José López
|
0-0: Ball 1-0: Called Strike 1-1: Ball 2-1: Foul Ball, location: 2F 2-2: Fly out, F4 (Line Drive, 34) 2-2: Lined into DP, 4-6 (Line Drive, 34)
|
Bottom of the 4th over - 0 run(s), 1 hit(s), 0 error(s), 0 left on base; San Diego 6 - Red Deer 0 |
TOP OF THE 5TH |
San Diego Smashers batting - Pitching for Red Deer Wranglers : LHP Takayuki Ine
|
Batting: RHB Miguel Moreno
|
0-0: Fly out, F5 (Popup, 15)
|
Batting: LHB Raynard Brenner
|
0-0: Called Strike 0-1: Ball 1-1: Foul Ball, location: 2F 1-2: SOLO HOME RUN (Flyball, 9LD), Distance : 330 ft
|
Batting: LHB Mario Olivares
|
0-0: Swinging Strike 0-1: Ground out 4-3 (Groundball, 4)
|
Batting: RHB Justin Burgess
|
0-0: Ball 1-0: Ball 2-0: SINGLE (Line Drive, 4MD)
|
Batting: LHB Alfredo Fernández
|
0-0: Called Strike 0-1: Foul Ball, location: 2F 0-2: Ball 1-2: Ball 2-2: Strikes out swinging
|
Top of the 5th over - 1 run(s), 2 hit(s), 0 error(s), 1 left on base; San Diego 7 - Red Deer 0 |
BOTTOM OF THE 5TH |
Red Deer Wranglers batting - Pitching for San Diego Smashers : RHP Rafael Blanco
|
Batting: LHB Del Kennedy
|
0-0: Ball 1-0: Swinging Strike 1-1: Swinging Strike 1-2: Ball 2-2: Ground out 3-1 (Groundball, 34S)
|
Batting: RHB Carlos Peña
|
0-0: Ground out 4-3 (Groundball, 4M)
|
Batting: LHB Jorge Olvera
|
0-0: Ball 1-0: Swinging Strike 1-1: Fly out, F8 (Flyball, 8LM)
|
Bottom of the 5th over - 0 run(s), 0 hit(s), 0 error(s), 0 left on base; San Diego 7 - Red Deer 0 |
TOP OF THE 6TH |
San Diego Smashers batting - Pitching for Red Deer Wranglers : LHP Takayuki Ine
|
Batting: RHB Cisco Gatán
|
0-0: Fly out, F8 (Flyball, 8RM)
|
Batting: RHB Luis Peña
|
0-0: Called Strike 0-1: SINGLE (Groundball, 56)
|
Pitching: RHP Daniel Recchi
|
|
Batting: LHB Bob Cunningham
|
0-0: Ball 1-0: Called Strike 1-1: Called Strike 1-2: Fly out, F6 (Popup, 6M)
|
Batting: RHB Francisco Castillo
|
0-0: Called Strike 0-1: Foul Ball, location: 2F 0-2: SINGLE (Groundball, 4MD) Luis Peña to second
|
Batting: RHB Miguel Moreno
|
0-0: Ball 1-0: Foul Ball, location: 2F 1-1: Called Strike 1-2: Strikes out swinging
|
Top of the 6th over - 0 run(s), 2 hit(s), 0 error(s), 2 left on base; San Diego 7 - Red Deer 0 |
BOTTOM OF THE 6TH |
Red Deer Wranglers batting - Pitching for San Diego Smashers : RHP Rafael Blanco
|
Batting: LHB Ron Mayes
|
0-0: Called Strike 0-1: Ball 1-1: Ball 2-1: Ball 3-1: Base on Balls
|
Batting: RHB John McDonald
|
0-0: Called Strike 0-1: Called Strike 0-2: Ball 1-2: SINGLE (Groundball, 56) Ron Mayes to second
|
Batting: LHB Enrico Vargas
|
0-0: Foul Ball, location: 2F 0-1: Foul Ball, location: 2F 0-2: Foul Ball, location: 2F 0-2: Ball 1-2: Strikes out swinging
|
Batting: RHB Todd Bryant
|
0-0: Called Strike 0-1: DOUBLE (Line Drive, 5D) Ron Mayes scores John McDonald to third
|
Batting: RHB Oliver Harris
|
0-0: Fly out, F9 (Flyball, 9LM) Runner from 3rd tags up, SCORES, no throw
|
Batting: SHB José López
|
0-0: Called Strike 0-1: Ball 1-1: Ball 2-1: Foul Ball, location: 2F 2-2: Fly out, F2 (Popup, 2LF)
|
Bottom of the 6th over - 2 run(s), 2 hit(s), 0 error(s), 1 left on base; San Diego 7 - Red Deer 2 |
TOP OF THE 7TH |
San Diego Smashers batting - Pitching for Red Deer Wranglers : RHP Daniel Recchi
|
Batting: LHB Raynard Brenner
|
0-0: Ball 1-0: Foul Ball, location: 2F 1-1: SOLO HOME RUN (Flyball, 7LD), Distance : 330 ft
|
Batting: LHB Mario Olivares
|
Single, Error in OF, E8, batter to second base
|
Batting: RHB Justin Burgess
|
0-0: Foul Ball, location: 2F 0-1: Fly out, F9 (Flyball, 8RM)
|
Batting: LHB Alfredo Fernández
|
0-0: Ball 1-0: Ball 2-0: Ball 3-0: Base on Balls
|
Batting: RHB Cisco Gatán
|
0-0: Called Strike 0-1: Foul Ball, location: 2F 0-2: Ball 1-2: Ball 2-2: Ball 3-2: Base on Balls Mario Olivares to third Alfredo Fernández to second
|
Batting: RHB Luis Peña
|
0-0: Foul Ball, location: 2F 0-1: Ball 1-1: Fly out, F9 (Flyball, 9S)
|
Batting: LHB Bob Cunningham
|
0-0: Swinging Strike 0-1: Swinging Strike 0-2: Ball 1-2: Fly out, F8 (Flyball, 8RD)
|
Top of the 7th over - 1 run(s), 2 hit(s), 1 error(s), 3 left on base; San Diego 8 - Red Deer 2 |
BOTTOM OF THE 7TH |
Red Deer Wranglers batting - Pitching for San Diego Smashers : RHP Rafael Blanco
|
Batting: LHB Del Kennedy
|
0-0: Ball 1-0: Foul Ball, location: 2F 1-1: Ball 2-1: Fly out, F8 (Flyball, 8LM)
|
Batting: RHB Carlos Peña
|
0-0: Called Strike 0-1: Foul Ball, location: 2F 0-2: Ball 1-2: Strikes out looking
|
Batting: LHB Jorge Olvera
|
0-0: Called Strike 0-1: Foul Ball, location: 2F 0-2: Foul Ball, location: 2F 0-2: Ground out 4-3 (Groundball, 4)
|
Bottom of the 7th over - 0 run(s), 0 hit(s), 0 error(s), 0 left on base; San Diego 8 - Red Deer 2 |
TOP OF THE 8TH |
San Diego Smashers batting - Pitching for Red Deer Wranglers : RHP Daniel Recchi
|
Batting: RHB Francisco Castillo
|
0-0: Ball 1-0: Called Strike 1-1: Ball 2-1: Ball 3-1: Base on Balls
|
Batting: RHB Miguel Moreno
|
0-0: Ball 1-0: Ball 2-0: SINGLE (Groundball, 34) (infield hit) Francisco Castillo to second
|
Batting: LHB Raynard Brenner
|
0-0: Foul Ball, location: 2F 0-1: Ball 1-1: Ball 2-1: Ball 3-1: Sac Bunt - play at first, batter OUT! 1-3 Francisco Castillo to third Miguel Moreno to second
|
Pitching: RHP Pedro Leal
|
|
Batting: LHB Mario Olivares
|
0-0: Swinging Strike 0-1: Foul Ball, location: 2F 0-2: Ball 1-2: Ball 2-2: Strikes out swinging
|
Batting: RHB Justin Burgess
|
0-0: DOUBLE (Flyball, 9LD) Francisco Castillo scores Miguel Moreno scores
|
Batting: LHB Alfredo Fernández
|
0-0: Ball 1-0: Foul Ball, location: 2F 1-1: Ball 2-1: Ball 3-1: Base on Balls
|
Batting: RHB Cisco Gatán
|
0-0: Fielders Choice at 2nd, 5-4 (Groundball, 5)
|
Top of the 8th over - 2 run(s), 2 hit(s), 0 error(s), 1 left on base; San Diego 10 - Red Deer 2 |
BOTTOM OF THE 8TH |
Red Deer Wranglers batting - Pitching for San Diego Smashers : RHP Rafael Blanco
|
Pitching: RHP Alberto Ortega
|
|
Batting: LHB Ron Mayes
|
0-0: Called Strike 0-1: Ball 1-1: Ball 2-1: Foul Ball, location: 2F 2-2: Ball 3-2: Foul Ball, location: 2F 3-2: Foul Ball, location: 2F 3-2: Strikes out swinging
|
Batting: RHB John McDonald
|
0-0: Fly out, F9 (Flyball, 89S)
|
Batting: LHB Enrico Vargas
|
0-0: Called Strike 0-1: Fly out, F9 (Popup, 4D)
|
Bottom of the 8th over - 0 run(s), 0 hit(s), 0 error(s), 0 left on base; San Diego 10 - Red Deer 2 |
TOP OF THE 9TH |
San Diego Smashers batting - Pitching for Red Deer Wranglers : RHP Pedro Leal
|
Batting: RHB Luis Peña
|
0-0: Called Strike 0-1: Ball 1-1: Foul Ball, location: 2F 1-2: Ball 2-2: Strikes out looking
|
Batting: LHB Bob Cunningham
|
0-0: Called Strike 0-1: Foul Ball, location: 2F 0-2: Ball 1-2: Ball 2-2: Ball 3-2: Base on Balls
|
Batting: RHB Francisco Castillo
|
0-0: Foul Ball, location: 2F 0-1: Called Strike 0-2: Foul Ball, location: 2F 0-2: Strikes out swinging
|
Batting: RHB Miguel Moreno
|
0-0: Ball 1-0: Swinging Strike 1-1: Foul Ball, location: 2F 1-2: Ball 2-2: Ball 3-2: Fly out, F8 (Flyball, 8RS)
|
Top of the 9th over - 0 run(s), 0 hit(s), 0 error(s), 1 left on base; San Diego 10 - Red Deer 2 |
BOTTOM OF THE 9TH |
Red Deer Wranglers batting - Pitching for San Diego Smashers : RHP Alberto Ortega
|
Now at 2B: José González
|
|
Batting: RHB Todd Bryant
|
0-0: Ball 1-0: Ball 2-0: Called Strike 2-1: Ground out 4-3 (Groundball, 4M)
|
Batting: RHB Oliver Harris
|
0-0: Swinging Strike 0-1: Ball 1-1: Ground out 6-3 (Groundball, 6)
|
Batting: SHB José López
|
0-0: Called Strike 0-1: SINGLE (Groundball, 4M)
|
Batting: LHB Del Kennedy
|
0-0: Ball 1-0: Called Strike 1-1: Ball 2-1: SINGLE (Groundball, 6MD) José López to second
|
Batting: RHB Carlos Peña
|
0-0: Swinging Strike 0-1: Foul Ball, location: 2F 0-2: Strikes out swinging
|
Bottom of the 9th over - 0 run(s), 2 hit(s), 0 error(s), 2 left on base; San Diego 10 - Red Deer 2 |
|